 Dungeon Crawl Stone Soup version 0.23.2-1-ga50397a6bc (webtiles) character file.

Game seed: 14416461980122929916

326 Andrea the Shooter (level 6, 0/51 HPs)
             Began as a Centaur Hunter on May 29, 2019.
             Slain by an orc
             ... wielding a +0 trident
              (1 damage)
             ... on level 4 of the Dungeon.
             The game lasted 00:06:21 (3706 turns).

Andrea the Shooter (Centaur Hunter)                 Turns: 3706, Time: 00:06:22

Health: 0/51       AC:  6    Str: 16    XL:     6   Next: 24%
Magic:  6/6        EV:  8    Int: 10    God:
Gold:   195        SH:  0    Dex: 10    Spells: 5/5 levels left

rFire    . . .     SeeInvis .   b - +0 spear
rCold    . . .     Gourm    .   (no shield)
rNeg     . . .     Faith    .   o - +0 ring mail
rPois    .         Spirit   .   (no helmet)
rElec    .         Reflect  .   (no cloak)
rCorr    .         Harm     .   r - +0 pair of gloves
MR       .....                  (no barding)
Stlth    ..........             (no amulet)
HPRegen  0.17/turn              (no ring)
MPRegen  0.10/turn              (no ring)

@: very quick
A: large, hooves 3, deformed body, speed 2, tough skin 3
a: no special abilities


You were on level 4 of the Dungeon.
You were not hungry.

You visited 1 branch of the dungeon, and saw 4 of its levels.

You collected 195 gold pieces.

Inventory:

Hand Weapons
 a - a +1 shortbow
 b - a +0 spear (weapon)
 k - a +0 short sword
Missiles
 d - 101 arrows
Armour
 o - a +0 ring mail (worn)
 r - a +0 pair of gloves (worn)
Jewellery
 w - an uncursed ring of flight
Wands
 v - a wand of random effects (18)
Scrolls
 c - 2 scrolls of remove curse {unknown}
 e - 2 scrolls of magic mapping {unknown}
 g - a scroll of amnesia {unknown}
 j - a scroll of fear {unknown}
 l - a scroll of enchant armour {unknown}
 p - 2 scrolls of enchant weapon {unknown}
 q - a scroll of fog {unknown}
 u - a scroll of noise {unknown}
Potions
 h - a potion of invisibility
 i - a potion of curing
 m - a potion of flight
 n - a potion of haste
 s - 2 potions of mutation
Comestibles
 f - 4 rations
 t - 4 chunks of flesh


   Skills:
 + Level 3.4 Fighting
 * Level 2.9 Polearms
 * Level 7.9 Bows
 - Level 1.3 Dodging
 - Level 0.4 Stealth


You had 5 spell levels left.
You didn't know any spells.
Your spell library was empty.

Dungeon Overview and Level Annotations

Branches:
Dungeon (4/15)
 Temple: D:4-7

Altars:
Hepliaklqana
Kikubaaqudgha
Vehumet
Yredelemnul


Innate Abilities, Weirdness & Mutations

You have hooves in place of feet.
Armour fits poorly on your strangely shaped body.
You cover ground very quickly.
You have extremely tough skin. (AC +3)


Message History

The orc priest hits you with a +0 club.
* * * LOW HITPOINT WARNING * * *
You hit the orc priest.
The orc priest is severely wounded.
The orc hits you with a +0 trident.
* * * LOW HITPOINT WARNING * * *
The orc hits you with a +0 club.
* * * LOW HITPOINT WARNING * * *
The orc priest hits you with a +0 club.
* * * LOW HITPOINT WARNING * * *
Your ring mail prevents you from hitting the orc priest.
The orc priest is severely wounded.
The orc hits you but does no damage. The orc hits you with a +0 club.
* * * LOW HITPOINT WARNING * * *
The orc priest hits you with a +0 club.
* * * LOW HITPOINT WARNING * * *
You hit the orc priest but do no damage.
The orc priest is severely wounded.
The orc hits you with a +0 trident.
You die...

.##.#.#.#.#.# #. #.#...#..
..#.....# #.. #.##.##.#
#...o.###... #. ......#.#
....Z....... #. #.##..#.#
#.....Z.# #. #.##..#.#
##.(.##.# #. #.##..#.# ## #.#
#. #.##..#o###########.#
#.#####.##..#@o.........o.##
#...........#.o####...........
#..####........####.##########
#..# #####.........#
#..########...#######
#.............#
##.#########..# #.# #..# #.#
#..#


You could see an orc priest and 2 orcs.

Vanquished Creatures
  A sky beast (D:3)
  A hound (D:4)
  2 orc wizards (D:3)
  6 adders
  3 worms
  2 leopard geckos
  5 orcs
  A ball python (D:3)
  4 giant cockroaches
  8 goblins
  5 hobgoblins
  11 jackals
  11 kobolds
  2 quokkas (D:3)
  15 bats
  3 frilled lizards
  A leopard gecko skeleton (D:4)
  2 rats
  A rat zombie (D:2)
  A spectral orc (D:3)
85 creatures vanquished.

Notes
Turn   | Place    | Note
-------+----------+-------------------------------------------
     0 | D:1      | Andrea the Centaur Hunter began the quest for the Orb.
     0 | D:1      | Reached XP level 1. HP: 17/17 MP: 1/1
   136 | D:1      | Reached XP level 2. HP: 10/24 MP: 2/2
   500 | D:1      | Reached skill level 6 in Bows
   765 | D:1      | Reached XP level 3. HP: 23/30 MP: 3/3
  1196 | D:2      | Reached skill level 1 in Polearms
  1282 | D:2      | Reached XP level 4. HP: 35/37 MP: 4/4
  1645 | D:2      | Found a radiant altar of Vehumet.
  1927 | D:2      | Found an ancient bone altar of Kikubaaqudgha.
  2164 | D:3      | Reached skill level 7 in Bows
  2185 | D:3      | Reached XP level 5. HP: 26/45 MP: 5/5
  2342 | D:3      | Noticed a sky beast
  2370 | D:3      | HP: 2/45 [sky beast (6)]
  2372 | D:3      | Killed a sky beast
  2898 | D:3      | Reached XP level 6. HP: 49/51 MP: 6/6
  3091 | D:3      | Found a basalt altar of Yredelemnul.
  3244 | D:3      | Found a hazy altar of Hepliaklqana.
  3705 | D:4      | HP: 1/51 [orc priest/+0 club (2)]
  3706 | D:4      | Slain by an orc

Skill      XL: |  1  2  3  4 |
---------------+-------------+-----
Bows           | 6 7 |  7.9
Polearms       | 1 2 |  2.9
Fighting       | 3 |  3.4
Dodging        | |  1.3
Stealth        | |  0.4

Action                   |  1- 3 |  4- 6 || total
-------------------------+-------+-------++-------
Melee: Short sword       |    72 |       ||    72
       Kick              |    19 |    37 ||    56
       Spear             |    69 |   212 ||   281
 Fire: Shortbow          |       |    11 ||    11
  Use: Scroll            |       |     6 ||     6
  Eat: Chunk             |     1 |     6 ||     7
Armor: Leather armour    |    44 |       ||    44
       Ring mail         |    22 |    78 ||   100
Dodge: Dodged            |    67 |    62 ||   129
